AoeStats
← Faku GT

Arena

508803364Analyzed
1v1 RM · 7d ago on Sep 24, 2026· 19m 52s· 2 players
Game mode
Random Map
Map size
Tiny (2 player)
Population
200
Speed
Normal
Resources
Standard
Victory
Conquest
Starting age
Dark Age
Ending age
Imperial Age
RankedLock teamsTeams togetherTeam positionsShared explorationLock speedFull tech treeHidden civsTurbo modeCheats
Victory
Defeat
🇨🇳 Varangians · China
979
+15
🇦🇷 Aztecs · Argentina
953
-15
Faku GT
10:51 Feudal Age
11:25 Double-Bit Axe
11:22 Horse Collar
14:57 Wheelbarrow
17:21 Castle Age
17:16 Forging
17:06 Scale Mail Armor
17:08 Loom
19:06 Bow Saw
18:58 Heavy Plow
19:48 Squires
欲火银河
11:31 Feudal Age
12:34 Double-Bit Axe
13:02 Horse Collar
15:24 Castle Age
16:30 Wheelbarrow
16:25 Bow Saw
16:20 Heavy Plow
Connection lost

Rejoining the realm…

Still unreachable

The connection could not be restored.

Session expired

The server has moved on; the page needs a fresh start.